Map: [ESL] Ancient Cistern

Players

Zoun

  • Race: Protoss Protoss

Coffee - Winner!

  • Race: Terran Terran

Event: IEM Katowice 2023

VOD

Have the link to the VOD?

Description

Time

  • Played on: Feb. 8, 2023, 6:19 a.m.
  • Length: 10:57

All games in this series

Show
View Real Time Build Order
Export as new Build Order

Zoun Protoss 

Build Orders: 1 Gate Expand, Blink Stalkers, Colossus Rush 

Get SALT Encoding   

  12  0:00  Probe  
  13  0:12  Probe  
  14  0:18  Pylon  
  14  0:24  Probe (Chrono Boost)  
  15  0:37  Probe (Chrono Boost)  
  15  0:38  Gateway  
  16  0:45  Probe (Chrono Boost)  
  16  0:48  Assimilator  
  17  0:51  Probe  
  18  1:03  Probe  
  19  1:15  Probe  
  20  1:25  Cybernetics Core  
  20  1:36  Nexus  
  20  1:39  Probe  
  21  1:47  Pylon  
  21  1:51  Probe  
  22  1:57  Assimilator  
  22  2:02  Adept (Chrono Boost)  
  22  2:03  Probe  
  22  2:08  Warp Gate  
  25  2:15  Probe  
  26  2:21  Twilight Council  
  26  2:25  Adept (Chrono Boost)  
  28  2:30  Probe  
  28  2:54  Blink (Chrono Boost)  
  28  2:55  Probe (Chrono Boost)  
  28  2:56  Probe (Chrono Boost)  
  29  3:08  Probe (Chrono Boost)  
  29  3:11  Probe (Chrono Boost)  
  31  3:14  Stalker  
  31  3:15  Probe (Chrono Boost)  
  31  3:18  Probe  
  35  3:24  Probe (Chrono Boost)  
  37  3:35  Probe (Chrono Boost)  
  37  3:36  Probe (Chrono Boost)  
  37  3:40  Gateway  
  38  3:42  Probe (Chrono Boost)  
  38  3:44  Probe (Chrono Boost)  
  38  3:50  Gateway, Probe  
  38  3:54  Shield Battery, Probe  
  40  3:58  Stalker  
  42  4:02  Probe  
  42  4:04  Pylon  
  42  4:08  Robotics Facility  
  43  4:13  Probe  
  43  4:15  Pylon  
  44  4:18  Probe  
  45  4:24  Stalker  
  45  4:28  Probe  
  48  4:35  Stalker  
  50  4:40  Pylon, Probe  
  50  4:41  Assimilator, Probe  
  50  4:42  Assimilator  
  50  4:45  Stalker  
  54  4:53  Probe  
  54  4:54  Pylon  
  54  4:56  Observer (Chrono Boost), Robotics Bay  
  56  5:02  Probe  
  56  5:04  Zealot, Stalker  
  56  5:05  Probe  
  62  5:15  Immortal (Chrono Boost)  
  62  5:19  Sentry  
  62  5:20  Pylon  
  68  5:24  Probe x2  
  70  5:28  Stalker  
  70  5:29  Stalker  
  70  5:33  Pylon, Observer  
  74  5:37  Observer  
  74  5:43  Colossus (Chrono Boost)  
  74  5:45  Probe x2  
  74  5:48  Observer  
  82  5:59  Nexus  
  82  6:11  Extended Thermal Lance  
  82  6:15  Shield Battery  
  82  6:19  Stalker x2  
  82  6:20  Stalker  
  82  6:22  Shield Battery  
  88  6:29  Colossus (Chrono Boost)  
  87  6:38  Pylon  
  93  6:41  Charge (Chrono Boost)  
  93  6:45  Gateway  
  93  6:54  Pylon  
  93  6:59  Gateway  
  91  7:01  Gateway  
  91  7:03  Gateway  
  91  7:05  Probe  
  92  7:12  Probe x2  
  94  7:16  Gateway, Disruptor (Chrono Boost)  
  94  7:17  Probe  
  94  7:22  Zealot x3  
  102  7:24  Probe  
  102  7:25  Probe  
  106  7:33  Probe  
  106  7:34  Templar Archives  
  106  7:36  Probe  
  108  7:38  Probe  
  108  7:40  Pylon  
  108  7:43  Forge  
  109  7:45  Probe  
  109  7:48  Probe, Disruptor (Chrono Boost)  
  109  7:50  Probe  
  115  7:55  Zealot x3  
  115  7:58  Pylon  
  121  8:04  Protoss Ground Weapons Level 1 (Chrono Boost)  
  121  8:07  Zealot  
  121  8:08  Zealot  
  125  8:13  Sentry  
  125  8:14  Disruptor (Chrono Boost)  
  125  8:15  Zealot  
  125  8:16  Probe  
  125  8:17  Pylon  
  133  8:20  Pylon  
  133  8:25  Pylon  
  133  8:27  Zealot x2  
  137  8:34  Nexus  
  137  8:38  Pylon  
  137  8:42  High Templar, Forge, Observer (Chrono Boost)  
  137  8:43  High Templar  
  142  8:49  Archon, Photon Cannon  
  142  8:52  Pylon, Probe x3  
  145  9:00  Zealot x3  
  151  9:11  High Templar x2  
  151  9:12  Zealot  
  151  9:15  Archon  
  157  9:18  Shield Battery  
  157  9:19  Photon Cannon  
  154  9:26  Zealot x3  
  146  9:37  Zealot x3  
  145  9:39  Disruptor (Chrono Boost)  
  145  9:44  Zealot x2  
  142  9:51  Zealot  
  128  9:59  Zealot  
  130  10:00  Zealot x4  
  135  10:09  Stalker x2  
  135  10:12  Stalker, Disruptor (Chrono Boost)  
  142  10:26  Stalker x3  
  142  10:28  Zealot  
  101  10:45  Zealot x3  
Show
View Real Time Build Order
Export as new Build Order

Coffee Terran - Winner!

Build Orders: Reaper Expand 

Get SALT Encoding   

  12  0:00  SCV  
  13  0:12  SCV  
  14  0:16  Supply Depot  
  14  0:24  SCV  
  15  0:38  SCV  
  15  0:39  Barracks  
  16  0:44  Refinery  
  16  0:50  SCV  
  17  1:02  SCV  
  18  1:14  SCV  
  19  1:26  Orbital Command, Reaper  
  20  1:42  Command Center  
  20  1:49  Supply Depot  
  20  1:53  SCV  
  21  1:58  Marine  
  22  2:05  SCV  
  23  2:08  Factory  
  23  2:16  Bunker  
  23  2:18  SCV  
  23  2:21  Barracks Reactor  
  24  2:31  Barracks  
  24  2:32  SCV  
  25  2:39  Refinery  
  25  2:47  SCV  
  26  2:53  Factory Tech Lab  
  26  2:55  Orbital Command  
  25  2:59  SCV  
  25  3:00  Marine x2  
  28  3:11  SCV  
  29  3:13  Siege Tank  
  29  3:19  Marine x2  
  34  3:20  Barracks Tech Lab  
  34  3:25  SCV  
  35  3:33  Supply Depot  
  35  3:36  Barracks  
  35  3:38  Stimpack  
  35  3:41  SCV  
  35  3:42  SCV  
  36  3:50  Marine x2  
  36  3:54  SCV x2  
  39  4:00  Siege Tank  
  42  4:06  SCV x2  
  44  4:10  Supply Depot  
  44  4:14  Marine x3  
  47  4:18  Refinery  
  47  4:20  SCV x2  
  49  4:25  Supply Depot  
  49  4:32  SCV x2  
  51  4:41  Starport  
  51  4:43  Factory Reactor  
  51  4:44  SCV x2  
  53  4:46  Combat Shield  
  53  4:48  Engineering Bay  
  53  4:52  Marine x3  
  56  4:57  SCV, Supply Depot  
  56  4:58  SCV  
  58  5:03  Supply Depot  
  58  5:09  SCV  
  58  5:10  SCV  
  58  5:12  Marine x4  
  64  5:15  Terran Infantry Weapons Level 1  
  64  5:21  Supply Depot  
  64  5:22  SCV  
  64  5:23  SCV  
  64  5:28  Medivac x2  
  70  5:31  Factory Tech Lab  
  70  5:35  SCV x2, Refinery  
  72  5:39  Marauder  
  72  5:41  Marauder  
  72  5:42  Marine x2  
  78  5:50  Siege Tank  
  81  5:58  Barracks  
  81  5:59  Barracks  
  81  6:04  Marauder  
  81  6:05  Marauder  
  81  6:10  Marine x2  
  83  6:19  Viking x2  
  83  6:23  Supply Depot  
  83  6:24  Supply Depot  
  85  6:34  Marine x2, Marauder x2  
  85  6:35  Concussive Shells  
  94  6:40  Siege Tank  
  94  6:45  Supply Depot  
  94  6:49  Supply Depot  
  94  6:52  Barracks Tech Lab, Barracks Reactor  
  94  7:01  Medivac x2  
  98  7:04  Marauder x2  
  102  7:08  Marine  
  102  7:09  Marine  
  102  7:14  Siege Tank  
  107  7:16  Marauder  
  109  7:23  Terran Infantry Armor Level 1  
  109  7:24  Marine x2  
  109  7:29  Marine x4  
  115  7:40  Viking x2  
  119  7:47  Supply Depot x2  
  119  7:49  Marauder x3  
  125  7:52  Marine  
  126  8:08  Marine x3, Siege Tank  
  132  8:13  Viking x2  
  132  8:15  Marauder x3  
  132  8:18  Supply Depot  
  142  8:21  Supply Depot  
  142  8:33  Marine  
  142  8:39  Marine, Supply Depot x2  
  143  8:42  Siege Tank  
  146  8:49  Marauder x3  
  146  8:55  Marine x3  
  154  8:57  Marine  
  155  9:03  Liberator  
  155  9:04  Liberator  
  161  9:15  Marauder x2  
  165  9:29  Marauder  
  165  9:31  Marine  
  167  9:37  Marauder x2  
  170  9:39  Marine  
  164  9:49  Marine x2  
  164  9:50  Marauder  
  152  9:53  Marine  
  152  9:58  Marauder x2, Supply Depot x2  
  157  10:09  Medivac x2  
  157  10:12  Marine x2, Marauder  
  163  10:15  Marine x2  
  163  10:20  Marauder  
  165  10:27  Marauder  
  164  10:33  Marauder  

Tags
 
Add a new tag
Caveats
  • Supply blocks, unpowered buildings, or Contaminate may cause inaccurate times.
  • Supply counts are checked every 10 seconds.